| TOP OF THE 1ST |
|
Manchester Fisher Cats batting - Pitching for Pittsfield Colonials : RHP Bob Stoddard
|
|
Pitching: RHP Bob Stoddard
|
|
|
Batting: LHB Mike Ciampa
|
0-0: Foul Ball, location: 2F 0-1: Ball 1-1: Foul Ball, location: 2F 1-2: Ball 2-2: Foul Ball, location: 2F 2-2: Foul Ball, location: 2F 2-2: Ground out 6-3 (Groundball, 6, EV 92.5 MPH)
|
|
Batting: SHB Danny Hernandez
|
0-0: Called Strike 0-1: Fly out, F7 (Flyball, 7, EV 86.3 MPH)
|
|
Batting: SHB Stan Javier
|
0-0: Ground out 4-3 (Groundball, 4, EV 98.8 MPH)
|
| Top of the 1st over - 0 runs, 0 hits, 0 errors, 0 left on base; Manchester 0 - Pittsfield 0 |
| BOTTOM OF THE 1ST |
|
Pittsfield Colonials batting - Pitching for Manchester Fisher Cats : RHP Octavio Avila
|
|
Pitching: RHP Octavio Avila
|
|
|
Batting: RHB Mike Brewer
|
0-0: Swinging Strike 0-1: Swinging Strike 0-2: Foul Ball, location: 2F 0-2: Strikes out swinging
|
|
Batting: LHB James Wojcik
|
0-0: Ball 1-0: Foul Ball, location: 2F 1-1: SINGLE (Groundball, 6D, EV 102.5 MPH)
|
|
Batting: RHB Shawon Dunston
|
0-0: Ground out 6-3 (Groundball, 6S, EV 60.6 MPH) James Wojcik to second
|
|
Batting: SHB Felipe Gracia
|
0-0: Foul Ball, location: 2F 0-1: Ball 1-1: Foul Ball, location: 2F 1-2: Foul Ball, location: 2F 1-2: Foul Ball, location: 2F 1-2: Hit by Pitch
|
|
Batting: LHB Armando Ortiz
|
0-0: Fly out, F7 (Flyball, 7S, EV 89.4 MPH)
|
| Bottom of the 1st over - 0 runs, 1 hit, 0 errors, 2 left on base; Manchester 0 - Pittsfield 0 |
| TOP OF THE 2ND |
|
Manchester Fisher Cats batting - Pitching for Pittsfield Colonials : RHP Bob Stoddard
|
|
Batting: RHB Joe Citari
|
0-0: Called Strike 0-1: Ball 1-1: Ball 2-1: Called Strike 2-2: Ball 3-2: SINGLE (Groundball, 56D, EV 97.5 MPH)
|
|
Batting: LHB Jessie Reid
|
0-0: Ball 1-0: Ball 2-0: Ball 3-0: Base on Balls Joe Citari to second
|
|
Batting: LHB Mel Hall
|
0-0: Fly out, F6 (Flyball, 5D, EV 96.9 MPH)
|
|
Batting: RHB Randy Johnson
|
0-0: Fly out, F4 (Flyball, 34D, EV 83.8 MPH)
|
|
Batting: RHB Buddy Pryor
|
0-0: Swinging Strike 0-1: Foul Ball, location: 2F 0-2: Foul Ball, location: 2F 0-2: Foul Ball, location: 2F 0-2: Ball 1-2: Strikes out swinging
|
| Top of the 2nd over - 0 runs, 1 hit, 0 errors, 2 left on base; Manchester 0 - Pittsfield 0 |
| BOTTOM OF THE 2ND |
|
Pittsfield Colonials batting - Pitching for Manchester Fisher Cats : RHP Octavio Avila
|
|
Batting: SHB David Enos
|
0-0: Ground out 1-3 (Groundball, P, EV 74.4 MPH)
|
|
Batting: RHB Steven Ramler
|
0-0: Called Strike 0-1: Ball 1-1: Called Strike 1-2: Ball 2-2: Strikes out looking
|
|
Batting: RHB Fernando Marin
|
0-0: Ball 1-0: Called Strike 1-1: Swinging Strike 1-2: Ball 2-2: SINGLE (Groundball, 6MD, EV 106.3 MPH)
|
|
Batting: RHB Juan Castro
|
0-0: Foul Ball, location: 2F 0-1: Ground out 5-3 (Groundball, 15, EV 78.1 MPH)
|
| Bottom of the 2nd over - 0 runs, 1 hit, 0 errors, 1 left on base; Manchester 0 - Pittsfield 0 |
| TOP OF THE 3RD |
|
Manchester Fisher Cats batting - Pitching for Pittsfield Colonials : RHP Bob Stoddard
|
|
Batting: RHB Reymundo Estevez
|
0-0: Ball 1-0: Fly out, F4 (Popup, 3D, EV 52.5 MPH)
|
|
Batting: LHB Mike Ciampa
|
0-0: Called Strike 0-1: Ball 1-1: SINGLE (Line Drive, 78S, EV 92.5 MPH)
|
|
Batting: SHB Danny Hernandez
|
0-0: Ball 1-0: Foul Ball, location: 2F 1-1: Swinging Strike 1-2: Foul Ball, location: 2F 1-2: Ball 2-2: Ball 3-2: Fly out, F8 (Flyball, 8RS, EV 90.6 MPH)
|
|
Batting: SHB Stan Javier
|
0-0: Ball Mike Ciampa is caught stealing 2nd base 2-6
|
| Top of the 3rd over - 0 runs, 1 hit, 0 errors, 0 left on base; Manchester 0 - Pittsfield 0 |
| BOTTOM OF THE 3RD |
|
Pittsfield Colonials batting - Pitching for Manchester Fisher Cats : RHP Octavio Avila
|
|
Batting: RHB Mike Brewer
|
0-0: Ball 1-0: Called Strike 1-1: Foul Ball, location: 2F 1-2: Ball 2-2: Fly out, F9 (Flyball, 9LS, EV 80.6 MPH)
|
|
Batting: LHB James Wojcik
|
0-0: Ball 1-0: Called Strike 1-1: Ball 2-1: Foul Ball, location: 2F 2-2: Fly out, F9 (Flyball, 9LM, EV 97.5 MPH)
|
|
Batting: RHB Shawon Dunston
|
0-0: Single, Error in OF, E8, batter to second base (Groundball, 6MD, EV 103.1 MPH)
|
|
Batting: SHB Felipe Gracia
|
0-0: Fly out, F7 (Flyball, 78D, EV 80.6 MPH)
|
| Bottom of the 3rd over - 0 runs, 1 hit, 1 error, 1 left on base; Manchester 0 - Pittsfield 0 |
| TOP OF THE 4TH |
|
Manchester Fisher Cats batting - Pitching for Pittsfield Colonials : RHP Bob Stoddard
|
|
Batting: SHB Stan Javier
|
0-0: Called Strike 0-1: Ball 1-1: Ball 2-1: Ball 3-1: Swinging Strike 3-2: Strikes out swinging
|
|
Batting: RHB Joe Citari
|
0-0: Ball 1-0: Foul Ball, location: 2F 1-1: Ball 2-1: Ball 3-1: Called Strike 3-2: SOLO HOME RUN (Flyball, 89XD, EV 100.6 MPH), Distance : 431 ft
|
|
Batting: LHB Jessie Reid
|
0-0: Fly out, F7 (Flyball, 7LS, EV 77.5 MPH)
|
|
Batting: LHB Mel Hall
|
0-0: Reached on error, E7 (Line Drive, 7, EV 93.1 MPH)
|
|
Batting: RHB Randy Johnson
|
0-0: Ball 1-0: Ground out 4-3 (Groundball, 4, EV 99.4 MPH)
|
| Top of the 4th over - 1 run, 1 hit, 1 error, 1 left on base; Manchester 1 - Pittsfield 0 |
| BOTTOM OF THE 4TH |
|
Pittsfield Colonials batting - Pitching for Manchester Fisher Cats : RHP Octavio Avila
|
|
Batting: LHB Armando Ortiz
|
0-0: SOLO HOME RUN (Flyball, 89XD, EV 101.9 MPH), Distance : 423 ft
|
|
Batting: SHB David Enos
|
0-0: Ball 1-0: Called Strike 1-1: Ball 2-1: Foul Ball, location: 2F 2-2: SINGLE (Line Drive, 6MD, EV 105.6 MPH)
|
|
Batting: RHB Steven Ramler
|
0-0: DOUBLE (Flyball, 78XD, EV 90.0 MPH) David Enos to third
|
|
Batting: RHB Fernando Marin
|
0-0: Ball 1-0: Ball 2-0: Ball 3-0: Base on Balls
|
|
Batting: RHB Juan Castro
|
0-0: Ball 1-0: Ball 2-0: Called Strike 2-1: Called Strike 2-2: Foul Ball, location: 2F 2-2: Strikes out swinging
|
|
Batting: RHB Mike Brewer
|
0-0: Ball 1-0: Foul Ball, location: 2F 1-1: DOUBLE (Line Drive, 7LM, EV 113.8 MPH) David Enos scores Steven Ramler scores Fernando Marin to third
|
|
Batting: LHB James Wojcik
|
0-0: Ball 1-0: Called Strike 1-1: SINGLE (Flyball, 34D, EV 94.4 MPH) Fernando Marin scores Mike Brewer to third Runner from 3rd tries for Home, throw by RF and OUT! 9-2
|
|
Batting: RHB Shawon Dunston
|
0-0: Ball 1-0: Foul Ball, location: 2F 1-1: Ball 2-1: DOUBLE (Line Drive, 7LM, EV 108.8 MPH) James Wojcik to third Runner from 3rd tries for Home, SAFE, throw by LF to home
|
|
Batting: SHB Felipe Gracia
|
0-0: Called Strike 0-1: Ball 1-1: Fly out, F8 (Flyball, 8LM, EV 90.6 MPH)
|
| Bottom of the 4th over - 5 runs, 6 hits, 0 errors, 1 left on base; Manchester 1 - Pittsfield 5 |
| TOP OF THE 5TH |
|
Manchester Fisher Cats batting - Pitching for Pittsfield Colonials : RHP Bob Stoddard
|
|
Batting: RHB Buddy Pryor
|
0-0: Called Strike 0-1: Ball 1-1: Ball 2-1: Called Strike 2-2: Strikes out looking
|
|
Batting: RHB Reymundo Estevez
|
0-0: SINGLE (Groundball, 56D, EV 101.3 MPH)
|
|
Batting: LHB Mike Ciampa
|
0-0: Ball Reymundo Estevez is caught stealing 2nd base 2-6 1-0: Swinging Strike 1-1: Swinging Strike 1-2: Strikes out swinging
|
| Top of the 5th over - 0 runs, 1 hit, 0 errors, 0 left on base; Manchester 1 - Pittsfield 5 |
| BOTTOM OF THE 5TH |
|
Pittsfield Colonials batting - Pitching for Manchester Fisher Cats : RHP Octavio Avila
|
|
Batting: LHB Armando Ortiz
|
0-0: Ball 1-0: Called Strike 1-1: Swinging Strike 1-2: Ball 2-2: Strikes out swinging
|
|
Batting: SHB David Enos
|
0-0: Ball 1-0: Called Strike 1-1: Swinging Strike 1-2: Ball 2-2: Foul Ball, location: 2F 2-2: SINGLE (Groundball, 6S, EV 68.8 MPH) (infield hit)
|
|
Pitching: RHP Keith Creel
|
|
|
Batting: RHB Steven Ramler
|
0-0: Ball 1-0: Ball 2-0: Called Strike 2-1: Called Strike 2-2: Ball 3-2: Foul Ball, location: 2F 3-2: Fly out, F7 (Flyball, 7D, EV 102.5 MPH)
|
|
Batting: RHB Fernando Marin
|
0-0: Foul Ball, location: 2F 0-1: Ball 1-1: Ball 2-1: Foul Ball, location: 2F 2-2: Ground out 5-3 (Groundball, 5S, EV 86.3 MPH)
|
| Bottom of the 5th over - 0 runs, 1 hit, 0 errors, 1 left on base; Manchester 1 - Pittsfield 5 |
| TOP OF THE 6TH |
|
Manchester Fisher Cats batting - Pitching for Pittsfield Colonials : RHP Bob Stoddard
|
|
Batting: SHB Danny Hernandez
|
0-0: Ball 1-0: Ball 2-0: Foul Ball, location: 2F 2-1: Swinging Strike 2-2: Ball 3-2: Ground out U3 (Groundball, 3, EV 104.4 MPH)
|
|
Batting: SHB Stan Javier
|
0-0: Ball 1-0: Ball 2-0: Called Strike 2-1: SINGLE (Groundball, 6MD, EV 96.9 MPH)
|
|
Batting: RHB Joe Citari
|
0-0: Ball 1-0: Grounds into double play, 5-4-3 (Groundball, 25, EV 88.1 MPH)
|
| Top of the 6th over - 0 runs, 1 hit, 0 errors, 0 left on base; Manchester 1 - Pittsfield 5 |
| BOTTOM OF THE 6TH |
|
Pittsfield Colonials batting - Pitching for Manchester Fisher Cats : RHP Keith Creel
|
|
Batting: RHB Juan Castro
|
0-0: DOUBLE (Line Drive, 9D, EV 100.0 MPH)
|
|
Batting: RHB Mike Brewer
|
0-0: Ball 1-0: Foul Ball, location: 2F 1-1: Swinging Strike 1-2: SINGLE (Groundball, 4D, EV 111.3 MPH) Juan Castro to third Runner from 3rd tries for Home, SAFE, throw by RF to home
|
|
Batting: LHB James Wojcik
|
0-0: Called Strike 0-1: Ball 1-1: Ball 2-1: Swinging Strike 2-2: Strikes out swinging
|
|
Batting: RHB Shawon Dunston
|
0-0: Ground out 5-3 (Groundball, 56S, EV 73.8 MPH) Mike Brewer to second
|
|
Batting: SHB Felipe Gracia
|
0-0: Ground out 6-3 (Groundball, 56, EV 81.3 MPH)
|
| Bottom of the 6th over - 1 run, 2 hits, 0 errors, 1 left on base; Manchester 1 - Pittsfield 6 |
| TOP OF THE 7TH |
|
Manchester Fisher Cats batting - Pitching for Pittsfield Colonials : RHP Bob Stoddard
|
|
Batting: LHB Jessie Reid
|
0-0: Ball 1-0: Swinging Strike 1-1: Foul Ball, location: 2F 1-2: Ball 2-2: Fly out, F7 (Line Drive, 78M, EV 101.9 MPH)
|
|
Batting: LHB Mel Hall
|
0-0: Called Strike 0-1: Ball 1-1: Ball 2-1: Swinging Strike 2-2: Fly out, F7 (Flyball, 78S, EV 87.5 MPH)
|
|
Batting: RHB Randy Johnson
|
0-0: Called Strike 0-1: Ball 1-1: Ball 2-1: Reached on error, E5 (Groundball, 56S, EV 69.4 MPH)
|
|
Batting: RHB Buddy Pryor
|
0-0: Foul Ball, location: 2F 0-1: Ball 1-1: Ball 2-1: Foul Ball, location: 2F 2-2: Ball 3-2: Foul Ball, location: 2F 3-2: Base on Balls
|
|
Batting: RHB Reymundo Estevez
|
0-0: Ball 1-0: Swinging Strike 1-1: Foul Ball, location: 2F 1-2: Strikes out swinging
|
| Top of the 7th over - 0 runs, 0 hits, 1 error, 2 left on base; Manchester 1 - Pittsfield 6 |
| BOTTOM OF THE 7TH |
|
Pittsfield Colonials batting - Pitching for Manchester Fisher Cats : RHP Keith Creel
|
|
Batting: LHB Armando Ortiz
|
0-0: Foul Ball, location: 2F 0-1: Ball 1-1: Called Strike 1-2: Strikes out swinging
|
|
Batting: SHB David Enos
|
0-0: Ball 1-0: Foul Ball, location: 2F 1-1: Fly out, F7 (Flyball, 7S, EV 75.0 MPH)
|
|
Pitching: RHP Jesse Flores
|
|
|
Batting: RHB Steven Ramler
|
0-0: Foul Ball, location: 2F 0-1: Ball 1-1: Ball 2-1: Ball 3-1: Called Strike 3-2: Foul Ball, location: 2F 3-2: SINGLE (Line Drive, 78S, EV 100.6 MPH)
|
|
Batting: RHB Fernando Marin
|
0-0: Ball 1-0: Called Strike 1-1: Swinging Strike 1-2: Foul Ball, location: 2F 1-2: Ball 2-2: Ball 3-2: 2-RUN HOME RUN (Flyball, 78XD, EV 108.8 MPH), Distance : 399 ft
|
|
Pinch Hitting: SHB Allan Wilkerson
|
0-0: Ball 1-0: Ball 2-0: Called Strike 2-1: Foul Ball, location: 2F 2-2: Strikes out swinging
|
| Bottom of the 7th over - 2 runs, 2 hits, 0 errors, 0 left on base; Manchester 1 - Pittsfield 8 |
| TOP OF THE 8TH |
|
Manchester Fisher Cats batting - Pitching for Pittsfield Colonials : RHP Bob Stoddard
|
|
Now at SS: Allan Wilkerson
|
|
|
Batting: LHB Mike Ciampa
|
0-0: Called Strike 0-1: Swinging Strike 0-2: Ball 1-2: Ball 2-2: Ball 3-2: SINGLE (Line Drive, 9S, EV 103.8 MPH)
|
|
Batting: SHB Danny Hernandez
|
0-0: Ball 1-0: Swinging Strike 1-1: Ball 2-1: Called Strike 2-2: Ball 3-2: Foul Ball, location: 2F 3-2: Fly out, F8 (Flyball, 8LD, EV 96.3 MPH)
|
|
Batting: SHB Stan Javier
|
0-0: Ball 1-0: Foul Ball, location: 2F 1-1: Called Strike 1-2: Ball 2-2: Fly out, F7 (Flyball, 7LS, EV 92.5 MPH)
|
|
Pinch Hitting: RHB Tony Stevens
|
0-0: Ball Wild Pitch! Mike Ciampa to second 1-0: Called Strike 1-1: Ground out 6-3 (Groundball, 6, EV 88.1 MPH)
|
| Top of the 8th over - 0 runs, 1 hit, 0 errors, 1 left on base; Manchester 1 - Pittsfield 8 |
| BOTTOM OF THE 8TH |
|
Pittsfield Colonials batting - Pitching for Manchester Fisher Cats : RHP Jesse Flores
|
|
Now at 1B: Tony Stevens
|
|
|
Pinch Hitting: LHB Brad Hawkins
|
0-0: Called Strike 0-1: Ball 1-1: Foul Ball, location: 2F 1-2: Ball 2-2: Ball 3-2: Base on Balls
|
|
Batting: LHB James Wojcik
|
0-0: Ball 1-0: Ball 2-0: Ball 3-0: Base on Balls Brad Hawkins to second
|
|
Batting: RHB Shawon Dunston
|
0-0: Foul Ball, location: 2F 0-1: Fly out, F7 (Flyball, 78M, EV 85.0 MPH)
|
|
Batting: SHB Felipe Gracia
|
0-0: Ball 1-0: Called Strike 1-1: Ball 2-1: Swinging Strike 2-2: 3-RUN HOME RUN (Flyball, 9D, EV 88.8 MPH), Distance : 376 ft
|
|
Pitching: RHP Peter Teixeira
|
|
|
Batting: LHB Armando Ortiz
|
0-0: Ball 1-0: Ball 2-0: Foul Ball, location: 2F 2-1: Ball 3-1: Base on Balls
|
|
Pinch Hitting: SHB Kevin Jensen
|
0-0: Ball 1-0: Ball 2-0: Ball 3-0: Base on Balls Armando Ortiz to second
|
|
Batting: RHB Steven Ramler
|
0-0: Ball 1-0: Swinging Strike 1-1: Foul Ball, location: 2F 1-2: Ball 2-2: Ball Wild Pitch! Armando Ortiz to third Kevin Jensen to second 3-2: Ground out 6-3 (Groundball, 56, EV 105.6 MPH) Armando Ortiz scores
|
|
Batting: RHB Fernando Marin
|
0-0: Foul Ball, location: 2F 0-1: Swinging Strike 0-2: Fly out, F9 (Flyball, 9LD, EV 85.6 MPH)
|
| Bottom of the 8th over - 4 runs, 1 hit, 0 errors, 1 left on base; Manchester 1 - Pittsfield 12 |
| TOP OF THE 9TH |
|
Manchester Fisher Cats batting - Pitching for Pittsfield Colonials : RHP Bob Stoddard
|
|
Now at 1B: Kevin Jensen
|
|
|
Now in LF: Brad Hawkins
|
|
|
Batting: LHB Jessie Reid
|
0-0: Ball 1-0: Called Strike 1-1: Ball 2-1: Fly out, F7 (Flyball, 7LM, EV 92.5 MPH)
|
|
Batting: LHB Mel Hall
|
0-0: Ball 1-0: Fly out, F7 (Flyball, 7LD, EV 90.6 MPH)
|
|
Batting: RHB Randy Johnson
|
0-0: Called Strike 0-1: Ball 1-1: Ball 2-1: Ground out 4-3 (Groundball, 4, EV 87.5 MPH)
|
| Top of the 9th over - 0 runs, 0 hits, 0 errors, 0 left on base; Manchester 1 - Pittsfield 12 |
|